 Dungeon Sprint DCSS version 0.31-a0-4-gefa6de2278 (webtiles) character file.

Game seed: 7666413157752300232

0 123456 the Trooper (level 1, 0/20 HPs)
             Began as a Minotaur Fighter on May 4, 2023.
             Was an Initiate of Gozag.
             Slain by Sigmund
             ... wielding a +0 scythe of flaming
              (2 damage)
             ... in the Dungeon (Sprint VI: "Thunderdome").
             The game lasted 00:00:45 (78 turns).

123456 the Trooper (Minotaur Fighter)                 Turns: 78, Time: 00:00:46

Health: 0/20       AC:  7    Str: 20    XL:     1   Next: 41%
Magic:  0/0        EV:  9    Int:  5    God:    Gozag
Gold:   105        SH:  0    Dex:  9    Spells: 0/0 levels left

rFire   . . .        a - +0 flail (elec)
rCold   . . .        c - +0 buckler
rNeg    . . .        b - +0 scale mail
rPois   .            (helmet restricted)
rElec   .            (no cloak)
rCorr   .            (no gloves)
SInv    .            (no boots)
Will    .....        (no amulet) Stlth
                     (no ring)
HPRegen 0.23/turn    (no ring)
MPRegen 0.07/turn

%: no teleportation
@: confused
A: horns 2, retaliatory headbutt
a: Renounce Religion, Potion Petition, Call Merchant, Bribe Branch


You were in the Dungeon.
You worshipped Gozag.
Gozag was aware of your devotion.
You visited 1 branch You collected 200 gold pieces.
You spent 95 gold pieces at shops.

Inventory:

Hand Weapons
 a - a +0 flail of electrocution (weapon)
Armour
 b - a +0 scale mail (worn)
 c - a +0 buckler (worn)
Wands
 l - a wand of quicksilver (5)
 m - a wand of iceblast (5)
Scrolls
 j - 4 scrolls of blinking
 n - 3 scrolls of fog
Potions
 d - a potion of might
 e - a potion of curing
 f - 4 potions of heal wounds
 g - 4 potions of haste
 h - 2 potions of magic
 i - a potion of berserk rage
 k - a potion of resistance


   Skills:
 * Level 4.2 Fighting
 * Level 3.2 Maces & Flails
 + Level 3.9 Armour
 + Level 1.0 Dodging
 - Level 3.6 Shields


You couldn't memorise any spells.
You didn't know any spells.
Your spell library was empty.

Dungeon Overview and Level Annotations

Branches:
Dungeon (1/1)

Altars:
Dithmenos
Gozag
Kikubaaqudgha
Okawaru
Qazlal
Ru
Trog
Wu Jian
Yredelemnul
Zin
The Shining One
Lugonu

Shops:
D *[???:(

Annotations:
D Sigmund


Innate Abilities, Weirdness & Mutations

You have a pair of horns on your head.
You reflexively headbutt those who attack you in melee.


Message History

There is an entrance to Gylles's Magic Scroll Shop here.
o - a scroll of brand weapon Thank you for shopping at Gylles's Magic Scroll Shop!
As you read the scroll of brand weapon, it crumbles to dust.
Your +0 flail crackles with electricity.
a - a +0 flail of electrocution (weapon)
Okay, then.
Okay, then.
There is an entrance to Kiapned's Magic Scroll Shop here.
There is an entrance to Zuxyfi's Must-Have Magic here.
There is an entrance to Fela's Staff Store here.
You can access your shopping list by pressing '$'.
Sigmund the Dreaded comes into view.
He is wielding a +0 scythe of flaming.
Sigmund shouts!
Sigmund hits you from afar with a +0 scythe of flaming.
Sigmund burns you.
You closely miss Sigmund. Sigmund barely misses you. You furiously retaliate!
You headbutt Sigmund. You barely miss Sigmund.
Sigmund is lightly wounded.
Sigmund points at you and mumbles some strange words.
The puff of flame hits you.
You sock Sigmund!
Sigmund is heavily wounded.
Sigmund points at you and mumbles some strange words.
You are confused.
You are too confused!
Unknown command.
You are too confused!
You are too confused!
Sigmund attacks as you move away!
Sigmund hits you with a +0 scythe of flaming.
Sigmund burns you.
Sigmund flickers, as though insubstantial.
Sigmund hits you from afar with a +0 scythe of flaming!
Ouch! That really hurt!
* * * LOW HITPOINT WARNING * * *
Sigmund burns you.
You die...
Your body crumbles into a pile of gold.

#_......._# #_......._#
#_......._#
###.........###
#⌠...........⌠#
######.8.........8.#
##..__......###......_
###∩........8.# #.8......
##.........@...###........
#⌠..........###...###....
#⌠.........@# #.<.# ...
#⌠..........###...#
#.............###......
###∩...$....8.# .8....
##∩___......# .....
######.8..... ..8.#
#⌠....... ..⌠#


You could see Sigmund.

Vanquished Creatures
  A dart slug (D)
  A rat (D)
2 creatures vanquished.

Notes
Turn   | Place    | Note
-------+----------+-------------------------------------------
     0 | D        | 123456 the Minotaur Fighter began the quest for the Orb.
     0 | D        | Reached XP level 1. HP: 19/19 MP: 0/0
     3 | D        | Found a glowing golden altar of the Shining One.
     4 | D        | Found an ornate altar of the Wu Jian Council.
     4 | D        | Found a sacrificial altar of Ru.
     5 | D        | Found an opulent altar of Gozag.
     5 | D        | Round 1.
     6 | D        | Found Kaewep's Identification Station.
     6 | D        | Found a shadowy altar of Dithmenos.
     6 | D        | Found a stormy altar of Qazlal.
     7 | D        | Found Healiq's Advanced Armour.
     7 | D        | Found Mostrisma's Jewellery.
    10 | D        | Found a corrupted altar of Lugonu.
    14 | D        | Found a basalt altar of Yredelemnul.
    14 | D        | Found Gylles's Magic Scroll Shop.
    14 | D        | Found Kiapned's Magic Scroll Shop.
    15 | D        | Found Zuxyfi's Must-Have Magic.
    16 | D        | Found an ancient bone altar of Kikubaaqudgha.
    16 | D        | Found a glowing silver altar of Zin.
    16 | D        | Found an iron altar of Okawaru.
    16 | D        | Found Fela's Staff Store.
    20 | D        | Reached skill level 4 in Fighting
    25 | D        | Found a bloodstained altar of Trog.
    38 | D        | Became a worshipper of Gozag Ym Sagoz the Greedy
    41 | D        | Reached skill level 1 in Dodging
    55 | D        | Bought a scroll of brand weapon for 95 gold pieces
    70 | D        | Noticed Sigmund
    78 | D        | Slain by Sigmund

Illustrated notes

Levels and vault maps discovered:
D:        arena_sprint

Skill      XL: |  1 |
---------------+----+-----
Fighting       | 4 |  4.2
Maces & Flails | 3 |  3.2
Dodging        | 1 |  1.0
Armour         | |  3.9
Shields        | |  3.6

Action                     || total
---------------------------++-------
  Melee: Flail             ||     5
         Headbutt          ||     1
    Use: Scroll            ||     1
  Dodge: Dodged            ||     2

Table legend: (Time is in decaauts)
 A = Elapsed time spent in this place.
 B = Non-inter-level travel time spent in this place.
 C = Inter-level travel time spent in this place.
 D = Time resting spent in this place.
 E = Time spent auto-exploring this place.
 F = Levels seen in this place.
 G = Mean time per level.
                   A        B        C        D        E       F      G
               +--------+--------+--------+--------+--------+-----+--------+
         Total |     79 |     72 |      7 |      0 |     12 |   1 |   79.0 |
       Dungeon |     79 |     72 |      7 |      0 |     12 |   1 |   79.0 |
               +--------+--------+--------+--------+--------+-----+--------+

Top non-repeatable levels by time:
       D: 79 daAuts
